 Dungeon Crawl Stone Soup version 0.24.0-125-gc4c63601f3 (webtiles) character file.

Game seed: 14917843145360766432, levelgen mode: deterministic

799 vladthelazy the Reanimator (level 7, -1/49 HPs)
             Began as a Vampire Necromancer on Feb 23, 2020.
             Was a Follower of Nemelex Xobeh.
             Killed from afar by Ijyb (12 damage)
             ... with a bolt of acid
             ... on level 4 of the Dungeon.
             The game lasted 02:09:20 (4558 turns).

vladthelazy the Reanimator (Vampire Necromancer)    Turns: 4558, Time: 02:09:20

Health: -1/49      AC:  4    Str:  6 (7)  XL:     7   Next: 59%
Magic:  10/13      EV: 12    Int: 15 (19) God:    Nemelex Xobeh [*.....]
Gold:   197        SH:  0    Dex: 12 (15) Spells: 9/15 levels left

rFire    + . .     SeeInvis +   n - +1 mace (protect)
rCold    . . .     Gourm    .   (no shield)
rNeg     . . .     Faith    .   i - +2 robe {rF+}
rPois    .         Spirit   .   (no helmet)
rElec    .         Reflect  .   (no cloak)
rCorr    .         Harm     .   (no gloves)
MR       .....                  (no boots)
Stlth    ++........             (no amulet)
HPRegen  0.36/turn              (no ring)
MPRegen  0.13/turn              (no ring)

@: regenerating quickly
A: no food, fangs 3, see invisible, unbreathing
a: Exsanguinate, Draw Escape, Draw Destruction, Draw Summoning, Renounce
Religion


You were on level 4 of the Dungeon.
You worshipped Nemelex Xobeh.
Nemelex Xobeh was aware of your devotion.
You were alive.

You visited 1 branch of the dungeon, and saw 5 of its levels.

You collected 197 gold pieces.

Inventory:

Hand Weapons
 n - a +1 mace of protection (weapon)
Missiles
 d - 28 poisoned darts (quivered)
Armour
 i - a +2 robe of fire resistance (worn)
Jewellery
 o - an uncursed amulet of the gourmand {unknown}
Scrolls
 a - 2 scrolls of teleportation {unknown}
 e - a scroll of enchant armour {unknown}
 h - 2 scrolls of amnesia {unknown}
 k - a scroll of fear {unknown}
 l - 3 scrolls of remove curse {unknown}
 q - a scroll of magic mapping {unknown}
 r - a scroll of identify {unknown}
 u - a scroll of enchant weapon {unknown}
Potions
 b - 2 potions of heal wounds
 c - a potion of agility {unknown}
 f - 2 potions of berserk rage {unknown}
 g - a potion of magic {unknown}
 j - 3 potions of lignification {unknown}
 m - a potion of ambrosia {unknown}
 p - a potion of brilliance {unknown}
 s - a potion of resistance {unknown}
 t - a potion of flight {unknown}


   Skills:
 - Level 1.9 Fighting
 - Level 2.2 Dodging
 - Level 3.0 Stealth
 + Level 4.6 Spellcasting
 * Level 8.6 Necromancy


You had 9 spell levels left.
You knew the following spells:

 Your Spells              Type           Power        Failure   Level  Hunger
a - Pain                  Necr           ####         1%          1    N/A
b - Animate Skeleton      Necr           N/A          1%          1    N/A
c - Animate Dead          Necr           N/A          4%          4    N/A

Your spell library contained the following spells:

 Spells                   Type           Power        Failure   Level  Hunger
 Vampiric Draining        Necr           ####......   1%          3    N/A
 Regeneration             Chrm/Necr      ###.......   9%          3    N/A

Dungeon Overview and Level Annotations

Branches:
Dungeon (5/15)             Temple (0/1) D:4

Altars:
Gozag
Kikubaaqudgha
Nemelex Xobeh
Qazlal
Sif Muna
Yredelemnul
Zin

Annotations:
D:4 Ijyb


Innate Abilities, Weirdness & Mutations

You do not eat.
Your natural rate of healing is unusually fast.
You have razor-sharp teeth.
You have supernaturally acute eyesight. (SInv)
You can survive without breathing.


Message History

Ijyb shouts!
Ijyb writhes in agony.
Casting: Pain (safe; 1% risk of failure)
Confirm with . or Enter, or press ? or * to list all spells.
Aiming: Pain (safe; 1% risk of failure)
Press: ? - help, Shift-Dir - straight line, f/p - Ijyb
Aim: Ijyb, wearing a +0 leather armour and carrying a wand of acid (12) (lightly wounded, chance to defeat MR: 89%) Ijyb writhes in agony.
Casting: Pain (safe; 1% risk of failure)
Confirm with . or Enter, or press ? or * to list all spells.
Aiming: Pain (safe; 1% risk of failure)
Press: ? - help, Shift-Dir - straight line, f/p - Ijyb
Aim: Ijyb, wearing a +0 leather armour and carrying a wand of acid (12) (lightly wounded, chance to defeat MR: 89%) Ijyb writhes in agony.
Ijyb zaps a wand.
The bolt of acid hits you!!
You are splashed with acid!
* * * LOW HITPOINT WARNING * * *
You draw a card...
You have drawn the Cloud.
Clouds appear around you!
Ijyb zaps a wand.
The bolt of acid hits you!
You die...
Your body disappears without a glow.

♣♣#### ♣P...## #####
.....###.....#
....§g§.≈≈≈..# .%%☼#
#≈≈≈≈.. #..# #≈≈≈≈≈.##
#@.# #≈≈≈≈≈..# ########
######..#####≈≈≈≈≈.##
#......#
#...........#≈≈≈≈≈..#
#......#
#...........##≈≈≈≈≈.#
#......#
#...........##≈≈≈≈≈.##
#......#
#...........###≈≈≈≈..#
#......# #..###......#
#≈≈≈≈≈.#
#......####.###......#
#≈≈≈≈≈.#
##......^.)..>.#......#
##≈≈≈≈.##


You could see Ijyb.

Vanquished Creatures
  Sigmund (D:2)
  An ogre (D:4)
  A centaur (D:5)
  A howler monkey (D:5)
  A bullfrog zombie (D:5)
  2 hounds
  A bullfrog skeleton (D:4)
  2 orc wizards
  A hound skeleton (D:3)
  6 adders
  An ooze (D:3)
  5 worms
  3 dart slugs
  4 leopard geckos
  8 orcs
  6 bats
  2 giant cockroaches (D:3)
  2 goblins
  10 hobgoblins
  2 jackals (D:3)
  4 quokkas
  2 ball pythons
  4 frilled lizards
  6 kobolds
  10 rats
86 creatures vanquished.

Vanquished Creatures (collateral kills)
  An ogre (D:5)
  An orc priest (D:3)
  An orc wizard (D:4)
  An adder (D:3)
  An adder zombie (D:5)
  A worm (D:2)
  2 orcs (D:3)
  A giant cockroach (D:2)
  A kobold (D:3)
  A rat (D:1)
11 creatures vanquished.

Grand Total: 97 creatures vanquished

Notes
Turn   | Place    | Note
-------+----------+-------------------------------------------
     0 | D:1      | vladthelazy the Vampire Necromancer began the quest for the
                  | Orb.
     0 | D:1      | Reached XP level 1. HP: 13/13 MP: 3/3
     8 | D:1      | Learned a level 1 spell: Animate Skeleton
   209 | D:1      | Reached XP level 2. HP: 19/19 MP: 0/5
   568 | D:1      | Reached skill level 5 in Necromancy
   991 | D:2      | Noticed Sigmund
  1108 | D:2      | Reached XP level 3. HP: 12/24 MP: 0/6
  1400 | D:2      | Found a sparkling altar of Nemelex Xobeh.
  1408 | D:2      | Became a worshipper of Nemelex Xobeh the Trickster
  1541 | D:2      | Killed Sigmund
  1541 | D:2      | Reached skill level 1 in Fighting
  1541 | D:2      | Reached skill level 6 in Necromancy
  1541 | D:2      | Reached XP level 4. HP: 20/33 MP: 0/8
  1541 | D:2      | Reached XP level 5. HP: 24/38 MP: 0/9
  1563 | D:2      | Learned a level 4 spell: Animate Dead
  1625 | D:2      | Received a gift from Nemelex Xobeh
  1845 | D:3      | Found a sparkling altar of Nemelex Xobeh.
  2140 | D:3      | Reached XP level 6. HP: 31/44 MP: 11/11
  2374 | D:3      | Found an ancient bone altar of Kikubaaqudgha.
  2744 | D:3      | Reached * piety under Nemelex Xobeh
  3245 | D:3      | Reached skill level 7 in Necromancy
  3266 | D:3      | Found a shimmering blue altar of Sif Muna.
  3487 | D:4      | Noticed Ijyb
  3537 | D:4      | Found a staircase to the Ecumenical Temple.
  3918 | D:4      | You fall into a shaft and drop 1 floor!
  3918 | D:5      | Entered Level 5 of the Dungeon
  3925 | D:5      | Found a stormy altar of Qazlal.
  3927 | D:5      | Noticed a water elemental
  3928 | D:5      | Noticed a fire elemental
  3928 | D:5      | Noticed an air elemental
  3954 | D:5      | Received a gift from Nemelex Xobeh
  4150 | D:5      | Reached XP level 7. HP: 37/39 MP: 3/13
  4151 | D:5      | Reached skill level 8 in Necromancy
  4218 | D:4      | Found an opulent altar of Gozag.
  4219 | D:4      | Found a glowing silver altar of Zin.
  4222 | D:4      | Found a basalt altar of Yredelemnul.
  4538 | D:4      | Noticed Edmund
  4558 | D:4      | Killed from afar by Ijyb

Levels and vault maps discovered:
D:1:      dpeg_arrival_castle, layout_basic, minmay_tiny_reverse_x
D:2:      layout_rooms, nemelex_spade_bored_becter, uniq_sigmund
D:3:      layout_loops_corners, nemelex_xobeh_ov_fountains_minmay,
          nicolae_overflow_hidden_temple, first_ration, tgw_sif
D:4:      wander_river, layout_basic, minitemple, minmay_temple_entry_waves,
          uniq_crazy_yiuf_cottage, uniq_edmund, uniq_ijyb
D:5:      layout_basic, kennysheep_slug_shrine, nicolae_qazlal_style_of_elements

Skill      XL: |  1  2  3  4  5  6  7 |
---------------+----------------------+-----
Necromancy     | 5 6 7 8 |  8.6
Fighting       | 1 |  1.9
Spellcasting   | 3 4 |  4.6
Dodging        | |  2.2
Stealth        | |  3.0

Action                   |  1- 3 |  4- 6 |  7- 9 || total
-------------------------+-------+-------+-------++-------
Melee: Unarmed           |    15 |       |       ||    15
 Cast: Pain              |    68 |    80 |    24 ||   172
       Animate Skeleton  |    14 |     1 |       ||    15
       Animate Dead      |       |    11 |     4 ||    15
 Abil: Exsanguinate      |     1 |     2 |       ||     3
       Draw Summoning    |       |     2 |       ||     2
       Draw Destruction  |       |     9 |     4 ||    13
       Draw Escape       |       |     2 |     2 ||     4
       Bat Form          |       |     2 |       ||     2
       Revivify          |       |     2 |       ||     2
       End Transformatio |       |     1 |       ||     1
  Use: Potion            |     1 |       |       ||     1
Armor: Robe              |     6 |     6 |       ||    12
Dodge: Dodged            |    29 |    26 |       ||    55
